 Dungeon Crawl Stone Soup version 0.27.0-1-g7a089689b8 (webtiles) character file.

Game seed: 4905077715295777274

81150 BOMJPIETVODKU the Thaumaturge (level 15, -1/115 HPs)
             Began as a Gnoll Earth Elementalist on Aug 2, 2021.
             Was the Champion of Cheibriados.
             Slain by Asterion (19 damage)
             ... on level 1 of the Snake Pit.
             The game lasted 01:52:47 (29596 turns).

BOMJPIETVODKU the Thaumaturge (GnEE)               Turns: 29596, Time: 01:52:47

Health: -1/115     AC: 33    Str: 23    XL:     15   Next: 69%
Magic:  30/39      EV: 18    Int: 34    God:    Cheibriados [******]
Gold:   1642       SH: 11    Dex: 29    Spells: 21/36 levels left

rFire    + + +     SeeInvis .   M - +4 falchion "Gusyzyn" {elec, rElec rPois Will+ Stlth-}
rCold    + . .     Faith    .   T - +2 buckler
rNeg     . . .     Spirit   .   I - +8 chain mail "Anysaufa" {rF+ Will+ MP+9}
rPois    +         Reflect  .   Q - +2 helmet
rElec    +         Harm     .   H - scarf {rC+ rF+}
rCorr    .         Rampage  .   C - +5 pair of gloves "Rokaap" {rF+ Will+ Regen+}
Will     ++++.                  (no boots)
Stlth    ++........             (no amulet)
HPRegen  1.29/turn              y - +4 ring of protection
MPRegen  0.26/turn              (no ring)

@: about to teleport, very slightly contaminated, invisible, very slow
A: fangs 1, strong nose, distributed training
a: Renounce Religion, Bend Time, Temporal Distortion, Slouch, Step From Time


You were on level 1 of the Snake Pit.
You worshipped Cheibriados.
Cheibriados was exalted by your worship.
You visited 5 branches of the dungeon, and saw 21 of its levels.

You collected 2133 gold pieces.
You spent 491 gold pieces at shops.

Inventory:

Hand Weapons
 j - a +0 dagger of holy wrath
 K - the +11 long sword of Resonant Courage {freeze, rC+ Dex+6}
   (You found it on level 5 of the Lair of Beasts)

   It freezes those it strikes, dealing additional cold damage.
   It can also slow down cold-blooded creatures.
   Dex:       It affects your dexterity (+6).
   rC:        It protects you from cold.
 M - the +4 falchion "Gusyzyn" (weapon) {elec, rElec rPois Will+ Stlth-}
   (You found it on level 2 of the Lair of Beasts)

   It occasionally discharges a powerful burst of electricity upon striking a
   foe.
   rElec:     It insulates you from electricity.
   rPois:     It protects you from poison.
   Will:      It increases your willpower.
   Stlth:     It makes you less stealthy.
Missiles
 c - 265 stones
 l - 93 poisoned darts
 U - 3 throwing nets
Armour
 C - the +5 pair of gloves "Rokaap" (worn) {rF+ Will+ Regen+}
   (You found it on level 8 of the Dungeon)

   rF:        It protects you from fire.
   Regen:     It increases your rate of health regeneration.
   Will:      It increases your willpower.
 H - a scarf of resistance (worn)
 I - the +8 chain mail "Anysaufa" (worn) {rF+ Will+ MP+9}
   (You found it on level 6 of the Lair of Beasts)

   rF:        It protects you from fire.
   MP:        It affects your magic capacity (+9).
   Will:      It increases your willpower.
 Q - a +2 helmet (worn)
 T - a +2 buckler (worn)
Jewellery
 b - a ring of positive energy
 f - a ring of protection from fire
 y - a +4 ring of protection (left hand)
 F - an amulet of the acrobat
 R - a ring of fire
Wands
 u - a wand of polymorph (6)
 D - a wand of digging (4) (quivered)
 J - a wand of acid (13)
 O - a wand of paralysis (12)
Scrolls
 g - 3 scrolls of teleportation
 h - 3 scrolls of fog
 i - a scroll of torment {unknown}
 m - 4 scrolls of enchant armour
 n - 4 scrolls of immolation
 v - 4 scrolls of enchant weapon
 w - a scroll of vulnerability
 A - 2 scrolls of amnesia
 L - 3 scrolls of holy word {unknown}
 N - 2 scrolls of noise
Potions
 a - a potion of flight
 d - 6 potions of curing
 k - 3 potions of attraction
 p - 2 potions of brilliance
 q - 4 potions of resistance
 x - a potion of lignification
 E - 4 potions of mutation
 G - a potion of might {unknown}
 P - a potion of ambrosia


   Skills:
 + Level 10.2 Fighting
 + Level 10.2 Short Blades
 + Level 10.2 Long Blades
 + Level 10.2 Axes
 + Level 10.2 Maces & Flails
 + Level 10.2 Polearms
 + Level 10.2 Staves
 + Level 10.2 Slings
 + Level 10.2 Bows
 + Level 10.2 Crossbows
 + Level 10.2 Throwing
 + Level 10.2 Armour
 + Level 11.1 Dodging
 + Level 11.0 Stealth
 + Level 10.2 Shields
 + Level 10.2 Unarmed Combat
 + Level 11.3 Spellcasting
 + Level 8.6 Conjurations
 + Level 8.6 Hexes
 + Level 8.6 Summonings
 + Level 8.6 Necromancy
 + Level 8.6 Translocations
 + Level 8.9 Transmutations
 + Level 8.6 Fire Magic
 + Level 8.6 Ice Magic
 + Level 8.6 Air Magic
 + Level 10.2 Earth Magic
 + Level 8.6 Poison Magic
 + Level 11.1 Invocations
 + Level 10.2 Evocations


You had 21 spell levels left.
You knew the following spells:

 Your Spells              Type           Power      Damage    Failure   Level
a - Sandblast             Erth           100%       2d20      1%          1
b - Passwall              Tmut/Erth      59%        N/A       1%          2
c - Stone Arrow           Conj/Erth      100%       3d13      1%          3
d - Petrify               Tmut/Erth      71%        N/A       2%          4
e - Lee's Rapid Deconstr  Erth           36%        3d19*     5%          5

Your spell library contained the following spells:

 Spells                   Type           Power      Damage    Failure   Level
 Animate Skeleton         Necr           100%       N/A       1%          1
 Pain                     Necr           100%       1d9       1%          1
 Dazzling Flash           Conj/Hex       100%       N/A       1%          3
 Portal Projectile        Hex/Tloc       100%       N/A       1%          3
 Vampiric Draining        Necr           33%        2d10      1%          3
 Blade Hands              Tmut           34%        N/A       9%          5
 Agony                    Necr           67%        N/A       11%         5
 Excruciating Wounds      Necr           33%        N/A       11%         5
 Silence                  Hex/Air        33%        N/A       11%         5


Dungeon Overview and Level Annotations

Branches:
Dungeon (11/15)            Temple (1/1) D:5            Lair (6/6) D:8
 Shoals (0/4) Lair:4        Snake (1/4) Lair:3        Slime (0/5) Lair:6
    Orc (2/2) D:11            Elf (0/3) Orc:2

Altars:
Ashenzari
Cheibriados
Dithmenos
Elyvilon
Fedhas
Gozag
Hepliaklqana
Kikubaaqudgha
Makhleb
Nemelex Xobeh
Okawaru
Qazlal
Ru
Sif Muna
Trog
Uskayaw
Vehumet
Wu Jian
Xom
Yredelemnul
Zin
The Shining One
Beogh

Shops:
D:1 ![*=   D:7 (   D:9 =   D:11 *   Orc:2 *[(

Annotations:
Snake:1 Asterion


Innate Abilities, Weirdness & Mutations

You have very sharp teeth.
Your uncanny sense of smell can sniff out nearby items.
Your experience applies equally to all skills.


Message History

You block Asterion's attack. Asterion gores you!
* * * LOW HITPOINT WARNING * * *
Your magical contamination has completely faded away.
You feel much better.
You feel sick. Asterion completely misses you. Asterion barely misses you.
Okay, then.
You are confused.
You feel invigorated. Asterion misses you. Asterion gores you.
Asterion barely misses you. Asterion gores you but does no damage.
You feel sick.
Asterion hits you with a +3 demon blade of electrocution!
Asterion gores you but does no damage. Asterion hits you but does no damage.
Asterion gores you.
* * * LOW HITPOINT WARNING * * *
You feel less invigorated.
You feel less confused.
You feel sick.
You are no longer poisoned.
Asterion hits you with a +3 demon blade of electrocution!!
* * * LOW HITPOINT WARNING * * *
Asterion closely misses you.
Asterion utters an invocation to Makhleb.
Asterion hits you but does no damage. Asterion gores you but does no damage.
Okay, then.
You fade into invisibility!
Asterion completely misses you.
You riposte.
You hit Asterion.
Asterion is lightly wounded.
You block Asterion's attack.
You are very lightly contaminated with residual magic.
As you read the scroll of teleportation, it crumbles to dust.
You feel strangely unstable. You block Asterion's attack.
Asterion gores you but does no damage. The balrug gestures at you.
The bolt of fire hits you. You resist.
* * * LOW HITPOINT WARNING * * *
Asterion barely misses you. Asterion gores you.
* * * LOW HITPOINT WARNING * * *
You feel better.
Asterion hits you with a +3 demon blade of electrocution!!
You die...

#.<...####..
######......#....#
.................#
.................#
.......).........#
.................#
######............
#.H..........
######.@2.......#
...............##
..............##
.............##
##############


You could see Asterion (fast) and a balrug (summoned).

Vanquished Creatures
  Rupert (Lair:4)
  Snorg (Lair:4)
  A dire elephant (Lair:6)
  Josephine (D:11)
  2 ogre magi (Orc:2)
  10 hydras
  A merfolk avatar (Lair:6)
  An anaconda (Lair:3)
  3 catoblepae
  9 two-headed ogres
  8 death yaks (Lair:4)
  Nergalle (Orc:1)
  A sea snake (Lair:6)
  2 deep trolls (Orc:2)
  A naga ritualist (Snake:1)
  5 oklob plants
  Pikel (D:7)
  A mana viper (Lair:3)
  2 orc sorcerers
  4 centaur zombies
  4 cyclopes
  16 elephants
  5 black mambas
  21 cane toads
  8 komodo dragons
  Maggie (D:7)
  4 rime drakes
  3 polar bears
  10 trolls
  18 blink frogs
  2 wind drakes (Lair:6)
  Prince Ribbit (D:9)
  A snapping turtle (Lair:6)
  9 dream sheep
  Sigmund (D:6)
  A shadow (D:11)
  Eustachio (D:6)
  5 wraiths
  9 wyverns
  A vampire (D:10)
  47 yaks
  A basilisk (Lair:3)
  4 vampire mosquitoes (D:10)
  A steam dragon (Lair:6)
  An acid dragon (D:10)
  13 water moccasins
  3 sky beasts
  A floating eye (Lair:2)
  17 orc warriors
  2 black bears (D:8)
  2 ice beasts
  9 wolves
  25 ogres
  7 centaurs
  A lemure (D:7)
  A phantom (D:7)
  2 kobold brigands
  18 bullfrogs
  4 scorpions
  A wyvern zombie (D:6)
  2 gnoll sergeants
  A water moccasin zombie (D:7)
  A wyvern skeleton (D:7)
  A water moccasin skeleton (D:5)
  13 killer bees
  An electric eel (Lair:1)
  9 wights
  A howler monkey (D:5)
  A crimson imp (D:6)
  A bullfrog zombie (D:4)
  7 jellies (Lair:1)
  14 orc priests
  A hound (D:6)
  A bullfrog skeleton (D:5)
  A centaur skeleton (D:7)
  Terence (D:3)
  3 iguanas
  16 orc wizards
  A hound zombie (D:5)
  A hound skeleton (D:4)
  19 gnolls
  5 adders
  A white imp (D:6)
  An ufetubus (D:7)
  A worm (D:2)
  7 dart slugs
  70 orcs
  9 ball pythons
  6 bats
  22 endoplasms
  2 giant cockroaches
  10 goblins
  6 hobgoblins
  9 jackals
  5 quokkas
  4 frilled lizards
  21 kobolds
  7 rats
619 creatures vanquished.

Vanquished Creatures (others)
  An orc (D:6)
  3 bushes (Lair:6)
  61 fungi
  104 plants
169 creatures vanquished.

Grand Total: 788 creatures vanquished

Notes
Turn   | Place    | Note
-------+----------+-------------------------------------------
     0 | D:1      | BOMJPIETVODKU the Gnoll Earth Elementalist began the quest
                  | for the Orb.
     0 | D:1      | Reached XP level 1. HP: 13/13 MP: 6/6
    29 | D:1      | Found Gisideta's Antique Armour Boutique.
   130 | D:1      | Reached XP level 2. HP: 16/19 MP: 2/7
   254 | D:1      | Found Ipeal's Jewellery Emporium.
   368 | D:1      | Found Qeatosh's General Store.
   372 | D:1      | Bought 26 stones for 36 gold pieces
   680 | D:1      | Found Hanop's Distillery.
   687 | D:1      | Reached XP level 3. HP: 25/25 MP: 6/9
   744 | D:1      | Reached skill level 5 in Spellcasting
  1288 | D:2      | Found a faded altar of an unknown god.
  1314 | D:2      | Reached skill level 1 in Invocations
  1334 | D:2      | Reached skill level 1 in Fighting
  1334 | D:2      | Reached skill level 1 in Short Blades
  1334 | D:2      | Reached skill level 1 in Long Blades
  1334 | D:2      | Reached skill level 1 in Axes
  1334 | D:2      | Reached skill level 1 in Maces & Flails
  1334 | D:2      | Reached skill level 1 in Polearms
  1334 | D:2      | Reached skill level 1 in Staves
  1334 | D:2      | Reached skill level 1 in Slings
  1334 | D:2      | Reached skill level 1 in Bows
  1334 | D:2      | Reached skill level 1 in Crossbows
  1334 | D:2      | Reached skill level 1 in Throwing
  1334 | D:2      | Reached skill level 1 in Armour
  1334 | D:2      | Reached skill level 1 in Shields
  1334 | D:2      | Reached skill level 1 in Unarmed Combat
  1334 | D:2      | Reached skill level 1 in Evocations
  1336 | D:2      | Reached XP level 4. HP: 20/32 MP: 0/11
  1605 | D:2      | Reached skill level 1 in Conjurations
  1605 | D:2      | Reached skill level 1 in Hexes
  1605 | D:2      | Reached skill level 1 in Summonings
  1605 | D:2      | Reached skill level 1 in Necromancy
  1605 | D:2      | Reached skill level 1 in Translocations
  1605 | D:2      | Reached skill level 1 in Fire Magic
  1605 | D:2      | Reached skill level 1 in Ice Magic
  1605 | D:2      | Reached skill level 1 in Air Magic
  1605 | D:2      | Reached skill level 1 in Poison Magic
  2170 | D:2      | Reached XP level 5. HP: 37/37 MP: 8/12
  2452 | D:3      | Noticed Terence
  2462 | D:3      | Killed Terence
  2575 | D:3      | Learned a level 2 spell: Passwall
  2596 | D:3      | Found a bloodstained altar of Trog.
  2600 | D:3      | Found a sparkling altar of Nemelex Xobeh.
  2602 | D:3      | Found a shimmering altar of Xom.
  3390 | D:4      | Reached XP level 6. HP: 37/44 MP: 7/14
  3807 | D:4      | Reached skill level 5 in Dodging
  4315 | D:5      | Entered Level 5 of the Dungeon
  4333 | D:5      | Reached skill level 5 in Stealth
  4333 | D:5      | Reached XP level 7. HP: 38/51 MP: 3/15
  4443 | D:5      | Learned a level 3 spell: Stone Arrow
  4571 | D:5      | Found a stormy altar of Qazlal.
  4587 | D:5      | Reached XP level 8. HP: 49/57 MP: 11/16
  4627 | D:5      | Found a staircase to the Ecumenical Temple.
  5097 | Temple   | Entered the Ecumenical Temple
  5394 | Temple   | Became a worshipper of Cheibriados the Contemplative
  5547 | D:6      | Noticed Eustachio
  5552 | D:6      | Killed Eustachio
  6184 | D:6      | Reached XP level 9. HP: 47/65 MP: 1/18
  6300 | D:6      | Noticed Sigmund
  6310 | D:6      | Killed Sigmund
  7073 | D:6      | Found an opulent altar of Gozag.
  7085 | D:6      | Reached * piety under Cheibriados
  7809 | D:7      | Noticed Maggie
  7819 | D:7      | Killed Maggie
  7820 | D:7      | Reached skill level 5 in Invocations
  8414 | D:7      | Found Rune's Antique Weapon Boutique.
  8567 | D:7      | Noticed Pikel
  8588 | D:7      | Killed Pikel
  8589 | D:7      | Reached skill level 5 in Fighting
  8589 | D:7      | Reached skill level 5 in Short Blades
  8589 | D:7      | Reached skill level 5 in Long Blades
  8589 | D:7      | Reached skill level 5 in Axes
  8589 | D:7      | Reached skill level 5 in Maces & Flails
  8589 | D:7      | Reached skill level 5 in Polearms
  8589 | D:7      | Reached skill level 5 in Staves
  8589 | D:7      | Reached skill level 5 in Slings
  8589 | D:7      | Reached skill level 5 in Bows
  8589 | D:7      | Reached skill level 5 in Crossbows
  8589 | D:7      | Reached skill level 5 in Throwing
  8589 | D:7      | Reached skill level 5 in Armour
  8589 | D:7      | Reached skill level 5 in Shields
  8589 | D:7      | Reached skill level 5 in Unarmed Combat
  8589 | D:7      | Reached skill level 5 in Evocations
  8589 | D:7      | Reached XP level 10. HP: 69/74 MP: 5/20
  9694 | D:6      | Reached ** piety under Cheibriados
  9991 | D:8      | Found a burning altar of Makhleb.
 10624 | D:8      | Reached skill level 5 in Transmutations
 10825 | D:8      | Identified the +5 pair of gloves "Rokaap" {rF+ Will+
                  | Regen+}
 10872 | D:8      | Noticed an elephant
 10889 | D:8      | Killed an elephant
 11024 | D:8      | Found a staircase to the Lair.
 11324 | D:9      | Found Jymoymut's Jewellery Emporium.
 11325 | D:9      | Noticed Prince Ribbit
 11336 | D:9      | Killed Prince Ribbit
 11472 | D:9      | Reached *** piety under Cheibriados
 11706 | D:9      | Found an iron altar of Okawaru.
 12187 | D:9      | Reached XP level 11. HP: 81/81 MP: 3/22
 12332 | D:10     | Entered Level 10 of the Dungeon
 12685 | D:10     | Reached skill level 5 in Conjurations
 12685 | D:10     | Reached skill level 5 in Hexes
 12685 | D:10     | Reached skill level 5 in Summonings
 12685 | D:10     | Reached skill level 5 in Necromancy
 12685 | D:10     | Reached skill level 5 in Translocations
 12685 | D:10     | Reached skill level 5 in Fire Magic
 12685 | D:10     | Reached skill level 5 in Ice Magic
 12685 | D:10     | Reached skill level 5 in Air Magic
 12685 | D:10     | Reached skill level 5 in Poison Magic
 12958 | D:10     | Found a radiant altar of Vehumet.
 13391 | D:11     | Reached **** piety under Cheibriados
 13703 | D:11     | Learned a level 4 spell: Petrify
 13730 | D:11     | Noticed a cyclops
 13733 | D:11     | Noticed a six-headed hydra
 13878 | D:11     | Found Eschapif's General Store.
 14324 | D:11     | Killed a six-headed hydra
 14354 | D:11     | Reached ***** piety under Cheibriados
 14412 | D:11     | Killed a cyclops
 14567 | D:11     | Bought a scarf of resistance for 416 gold pieces
 14602 | D:11     | Found a staircase to the Orcish Mines.
 14681 | D:11     | Noticed a two-headed ogre
 14688 | D:11     | Killed a two-headed ogre
 14966 | D:11     | Noticed Josephine
 14983 | D:11     | Killed Josephine
 15578 | Lair:1   | Entered Level 1 of the Lair of Beasts
 15652 | Lair:1   | Reached XP level 12. HP: 89/89 MP: 0/24
 16202 | Lair:1   | Found a shimmering altar of Xom.
 17365 | Lair:2   | Identified the +4 falchion "Gusyzyn" {elec, rElec rPois
                  | Will+ Stlth-}
 17799 | Lair:2   | Reached ****** piety under Cheibriados
 18459 | Lair:3   | Found a staircase to the Snake Pit.
 18863 | Lair:3   | Noticed a catoblepas
 18880 | Lair:3   | Killed a catoblepas
 19717 | Lair:3   | Identified a scroll of acquirement
 19717 | Lair:3   | Acquired a book of Geomancy
 19727 | Lair:3   | Learned a level 5 spell: Lee's Rapid Deconstruction
 20298 | Lair:3   | Reached XP level 13. HP: 86/98 MP: 15/26
 20593 | Lair:4   | Found a staircase to the Shoals.
 21695 | Lair:4   | Noticed Rupert
 22156 | Lair:4   | Killed Rupert
 22780 | Lair:5   | Noticed Snorg
 22817 | Lair:4   | Killed Snorg
 23117 | Lair:5   | Reached skill level 10 in Spellcasting
 23215 | Lair:5   | Identified the +11 long sword of Resonant Courage {freeze,
                  | rC+ Dex+6}
 23488 | Lair:4   | Reached XP level 14. HP: 50/106 MP: 14/28
 23492 | Lair:4   | Reached skill level 10 in Dodging
 24126 | Lair:6   | Entered Level 6 of the Lair of Beasts
 24180 | Lair:5   | Reached skill level 10 in Stealth
 24547 | Lair:5   | Reached skill level 10 in Invocations
 24684 | Lair:6   | Noticed a dire elephant
 24953 | Lair:6   | Killed a dire elephant
 25071 | Lair:6   | Found a staircase to the Slime Pits.
 25794 | Lair:6   | Identified the +8 chain mail "Anysaufa" {rF+ Will+ MP+9}
 26364 | Lair:6   | Reached XP level 15. HP: 115/115 MP: 22/29
 26962 | Orc:1    | Entered Level 1 of the Orcish Mines
 27135 | Orc:1    | Found a shimmering blue altar of Sif Muna.
 27452 | Orc:2    | Entered Level 2 of the Orcish Mines
 27838 | Orc:2    | Found a staircase to the Elven Halls.
 27853 | Orc:1    | Noticed Nergalle
 27864 | Orc:1    | Killed Nergalle
 27865 | Orc:1    | Reached skill level 10 in Earth Magic
 28250 | Orc:2    | Reached skill level 10 in Fighting
 28250 | Orc:2    | Reached skill level 10 in Short Blades
 28250 | Orc:2    | Reached skill level 10 in Long Blades
 28250 | Orc:2    | Reached skill level 10 in Axes
 28250 | Orc:2    | Reached skill level 10 in Maces & Flails
 28250 | Orc:2    | Reached skill level 10 in Polearms
 28250 | Orc:2    | Reached skill level 10 in Staves
 28250 | Orc:2    | Reached skill level 10 in Slings
 28250 | Orc:2    | Reached skill level 10 in Bows
 28250 | Orc:2    | Reached skill level 10 in Crossbows
 28250 | Orc:2    | Reached skill level 10 in Throwing
 28250 | Orc:2    | Reached skill level 10 in Armour
 28250 | Orc:2    | Reached skill level 10 in Shields
 28250 | Orc:2    | Reached skill level 10 in Unarmed Combat
 28250 | Orc:2    | Reached skill level 10 in Evocations
 28753 | Orc:2    | Found Agrypael's Antique Armour Shoppe.
 28762 | Orc:2    | Found Cedwidd's Weapon Shop.
 28771 | Orc:2    | Found Syvixog's Assorted Antiques.
 28772 | Orc:2    | Found Paxy's Antique Armour Shoppe.
 28782 | Orc:2    | Bought a scroll labelled LYBO RIREVANG for 39 gold pieces
 29403 | Snake:1  | Entered Level 1 of the Snake Pit
 29568 | Snake:1  | Noticed Asterion
 29594 | Snake:1  | Noticed a balrug
 29596 | Snake:1  | Slain by Asterion

Illustrated notes

Levels and vault maps discovered:
D:1:      psy_arrival_dodecagon, layout_loops_corners, serial_shops,
          nicolae_shop_crystal, nicolae_shop_crystal,
          nicolae_shop_window_shopping, shop, item_on_display_b
D:2:      layout_loops_ring, hellmonk_ecumenical_altar_slurped_away
D:3:      minmay_chambers_of_twos, layout_basic, minitemple, minmay_hedge_maze,
          uniq_terence
D:4:      layout_cave_pods, hangedman_decor_points
D:5:      layout_rooms, mainiacjoe_overflow_small_starburst,
          minmay_temple_entry_grid
D:6:      layout_cave_pools, overflow_temple_1_default, minmay_fire_ice_demons,
          uniq_sigmund, uniq_eustachio
D:7:      layout_cave_pods, serial_shops, shop, small_statue_intersection,
          grunt_decor_junction, nicolae_benzene_ring,
          kennysheep_generic_room_11, uniq_maggie, uniq_pikel
D:8:      layout_loops_ring, bloody_makhleb, david_lair_generic
D:9:      layout_roguey, lemuel_round_altar, serial_shops,
          nicolae_shop_statue_plus, minmay_misc_feat_five,
          kennysheep_generic_room_10, uniq_prince_ribbit1
D:10:     layout_cave_pools, fiery_altar_vehumet
D:11:     layout_long_grid, david_orc_5, serial_shops,
          nicolae_shop_window_shopping, uniq_josephine
Temple:   minmay_temple_curvy_branch
Lair:1:   lemuel_slime, layout_small_grid, serial_bayou_pond_a,
          lemuel_oklob_altar, infiniplex_staircase_pool, lemuel_fruit_fields
Lair:2:   layout_hall_layers, disabler_island
Lair:3:   layout_gridlike, dummy_snake_entry
Lair:4:   layout_layer_cave, minmay_shoals_entry_centaurs, grunt_megastairs_3,
          uniq_rupert
Lair:5:   layout_misc_corridors, small_statue_intersection,
          serial_bayou_shore_b, uniq_snorg
Lair:6:   gammafunk_lair_ancient_temple, layout_misc_corridors, slime_dummy,
          serial_bayou_crossing, infiniplex_staircase_pool_2
Snake:1:  layout_onion, grunt_megastairs_1, uniq_aizul, uniq_asterion
Orc:1:    layout_diamond_mine, kennysheep_orc_sif_temple, uniq_nergalle
Orc:2:    st_orc_open, layout_caves, minmay_orc_temple_a

Skill      XL: |  1  2  3  4  5  6  7  8  9 10 11 12 13 14 15 |
---------------+----------------------------------------------+-----
Transmutations | 2 3 4 5 6 7 8 |  8.9
Spellcasting   | 5 6 7 8 9 10 11 | 11.3
Invocations    | 1 2 3 4 5 6 7 8 9 10 11 | 11.1
Fighting       | 1 2 3 5 6 7 8 9 10 | 10.2
Short Blades   | 1 2 3 5 6 7 8 9 10 | 10.2
Long Blades    | 1 2 3 5 6 7 8 9 10 | 10.2
Axes           | 1 2 3 5 6 7 8 9 10 | 10.2
Maces & Flails | 1 2 3 5 6 7 8 9 10 | 10.2
Polearms       | 1 2 3 5 6 7 8 9 10 | 10.2
Staves         | 1 2 3 5 6 7 8 9 10 | 10.2
Slings         | 1 2 3 5 6 7 8 9 10 | 10.2
Bows           | 1 2 3 5 6 7 8 9 10 | 10.2
Crossbows      | 1 2 3 5 6 7 8 9 10 | 10.2
Throwing       | 1 2 3 5 6 7 8 9 10 | 10.2
Armour         | 1 2 3 5 6 7 8 9 10 | 10.2
Shields        | 1 2 3 5 6 7 8 9 10 | 10.2
Unarmed Combat | 1 2 3 5 6 7 8 9 10 | 10.2
Evocations     | 1 2 3 5 6 7 8 9 10 | 10.2
Conjurations   | 1 2 3 4 5 6 7 8 |  8.6
Hexes          | 1 2 3 4 5 6 7 8 |  8.6
Summonings     | 1 2 3 4 5 6 7 8 |  8.6
Necromancy     | 1 2 3 4 5 6 7 8 |  8.6
Translocations | 1 2 3 4 5 6 7 8 |  8.6
Fire Magic     | 1 2 3 4 5 6 7 8 |  8.6
Ice Magic      | 1 2 3 4 5 6 7 8 |  8.6
Air Magic      | 1 2 3 4 5 6 7 8 |  8.6
Poison Magic   | 1 2 3 4 5 6 7 8 |  8.6
Dodging        | 5 6 7 8 9 10 11 | 11.1
Stealth        | 5 6 7 8 9 10 11 | 11.0
Earth Magic    | 6 7 8 9 10 | 10.2

Action                   |  1- 3 |  4- 6 |  7- 9 | 10-12 | 13-15 || total
-------------------------+-------+-------+-------+-------+-------++-------
Melee: Dagger            |     3 |    12 |    21 |   465 |    53 ||   554
       Bite              |     1 |     1 |     2 |   108 |   197 ||   309
       Falchion          |       |       |       |       |   431 ||   431
Throw: Dart              |       |       |       |       |     1 ||     1
 Cast: Sandblast         |    47 |   126 |    29 |    33 |     7 ||   242
       Stone Arrow       |       |       |    99 |   283 |   206 ||   588
       Passwall          |       |       |     3 |     2 |     5 ||    10
       Petrify           |       |       |       |     2 |    17 ||    19
       Lee's Rapid Decon |       |       |       |    11 |    65 ||    76
Invok: Temporal Distorti |       |       |       |     1 |       ||     1
Evoke: Wand              |       |       |       |       |     1 ||     1
  Use: Scroll            |       |     8 |     1 |    14 |     8 ||    31
       Potion            |       |       |       |       |    11 ||    11
 Stab: Sleeping          |     1 |       |       |     4 |       ||     5
       Distracted        |       |       |       |     1 |     1 ||     2
       Petrifying        |       |       |       |       |     6 ||     6
       Invisible         |       |       |       |       |     9 ||     9
       Petrified         |       |       |       |       |     4 ||     4
Armor: Robe              |     6 |    13 |     2 |       |       ||    21
       Steam dragon scal |       |       |     3 |   187 |   170 ||   360
       Chain mail        |       |       |       |       |   193 ||   193
Dodge: Dodged            |    14 |    55 |    58 |   530 |  1184 ||  1841
Block: Buckler           |       |       |    12 |   233 |   608 ||   853
       Rpst.: Falchion   |       |       |       |       |   241 ||   241
